AoeStats
← Baz1337

Nomad

505062085Analyzed
4v4 RM · 24d ago on Sep 7, 2026· 33m 50s· 8 players
Game mode
Random Map
Map size
231×231
Population
200
Speed
Normal
Resources
Standard
Victory
Conquest
Starting age
Dark Age
Ending age
Imperial Age
RankedLock teamsTeams togetherTeam positionsShared explorationLock speedFull tech treeHidden civsTurbo modeCheats
Victory
Defeat
🇳🇱 Spanish · Netherlands
1280
+16
🇹🇷 Mongols · Türkiye
1275
+16
🇨🇭 Japanese · Switzerland
1259
+17
🇬🇧 Vietnamese · United Kingdom
1257
+17
🇨🇳 Cumans · China
1321
-18
🇮🇳 Koreans · India
1318
-17
🇲🇲 Italians · Myanmar (Burma)
1263
-16
🇲🇲 Poles · Myanmar (Burma)
1239
-15
KhanShinnok
5:17 Loom
12:36 Feudal Age
18:16 Castle Age
17:02 Forging
17:43 Bloodlines
19:51 Horse Collar
22:45 Wheelbarrow
22:23 Heavy Plow
22:32 Double-Bit Axe
25:52 Fletching
26:46 Bodkin Arrow
27:59 Padded Archer Armor
29:36 Bow Saw
30:43 Ballistics
30:35 Masonry
33:47 Leather Archer Armor
Gareth Southgate
15:03 Feudal Age
16:37 Wheelbarrow
15:48 Double-Bit Axe
15:47 Fishing Lines
16:30 Loom
17:36 Forging
19:38 Castle Age
18:30 Scale Barding Armor
19:05 Bloodlines
19:22 Gold Mining
20:10 Gillnets
20:28 Husbandry
21:26 Chain Barding Armor
23:19 Iron Casting
24:58 Horse Collar
26:28 Hand Cart
29:06 Heavy Plow
33:16 Bow Saw
Baz1337
8:43 Loom
12:35 Feudal Age
16:17 Castle Age
28:51 Double-Bit Axe
29:38 Gold Mining
29:54 Town Watch
30:45 Wheelbarrow
30:39 Padded Archer Armor
31:51 Leather Archer Armor
36:41 Imperial Age
Coen27
5:25 Loom
16:24 Feudal Age
19:58 Castle Age
18:19 Fishing Lines
18:59 Fletching
19:10 Padded Archer Armor
21:19 Gillnets
22:16 Double-Bit Axe
22:58 Gillnets
23:28 Town Watch
24:20 Wheelbarrow
24:03 Bow Saw
23:47 Gold Mining
26:22 Horse Collar
29:58 Wheelbarrow
29:55 Squires
29:57 Stone Mining
31:03 Heavy Plow
32:48 Bodkin Arrow
F!rE
7:11 Loom
7:42 Loom
13:53 Feudal Age
15:42 Fishing Lines
16:08 Double-Bit Axe
20:44 Castle Age
18:55 Horse Collar
20:32 Gold Mining
21:45 Wheelbarrow
21:52 Gillnets
22:25 Bow Saw
22:19 Heavy Plow
23:18 Stone Mining
24:08 Gold Shaft Mining
itsDuDu
9:55 Loom
14:30 Feudal Age
16:26 Double-Bit Axe
18:02 Wheelbarrow
18:41 Bloodlines
19:51 Scale Barding Armor
20:49 Stone Mining
20:51 Gold Mining
20:53 Stone Mining
25:00 Castle Age
23:21 Town Watch
23:31 Horse Collar
26:26 Hand Cart
27:34 Husbandry
26:56 Light Cavalry
MapleStory
4:52 Loom
12:25 Feudal Age
12:51 Double-Bit Axe
19:13 Castle Age
28:45 Wheelbarrow
28:30 Stone Mining
30:22 Bow Saw
31:22 Hand Cart
31:37 Horse Collar
36:22 Imperial Age
33:45 Fletching
Oo_Lay_Gyi
4:29 Loom
13:10 Feudal Age
17:29 Castle Age
19:20 Medium Warships
18:50 Fishing Lines
20:52 Fletching
21:04 Padded Archer Armor
20:59 Double-Bit Axe
23:43 Bow Saw
23:14 Horse Collar
23:36 Gold Mining
26:13 Town Watch
28:17 Wheelbarrow
29:49 Hand Cart
30:40 Town Patrol
30:48 Bodkin Arrow
31:09 Leather Archer Armor
32:45 Ballistics
36:40 Imperial Age
Connection lost

Rejoining the realm…

Still unreachable

The connection could not be restored.

Session expired

The server has moved on; the page needs a fresh start.